 Dungeon Crawl Stone Soup version 0.29.0-7-g18a832c13a (webtiles) character file.

Game seed: 5521799643346488033

60 casanoah the Magician (level 4, 0/31 HPs)
             Began as a Djinni Hedge Wizard on Aug 30, 2022.
             Slain by a river rat (4 damage)
             ... on level 3 of the Dungeon.
             The game lasted 00:05:03 (2352 turns).

casanoah the Magician (Djinni Hedge Wizard)         Turns: 2352, Time: 00:05:05

Health: 0/31       AC:  4    Str:  9    XL:     4   Next: 24%
Gold:   200        EV: 12    Int: 17    God:
                   SH:  0    Dex: 13

rFire   + + .      SeeInvis .   p - +3 short sword (distort)
rCold   x . .      Faith    .   (no shield)
rNeg    . . .      Spirit   .   b - +0 robe
rPois   ∞          Reflect  .   k - +1 hat
rElec   .          Harm     .   t - +0 cloak
rCorr   .          Rampage  .   (no gloves)
Will    .....                   (boots unavailable)
Stlth   ++........              (no amulet)
HPRegen 0.10/turn               (no ring)
MPRegen 0.00/turn               (no ring)

@: flying, very slightly contaminated
A: sickness immunity, fire resistance 2, cold vulnerability 1, float, innate
caster, HP casting, extra vitality 1
a: no special abilities


You were on level 3 of the Dungeon.
You visited 1 branch of the dungeon, and saw 3 of its levels.

You collected 200 gold pieces.

Inventory:

Hand Weapons
 a - a +0 dagger
 p - a +3 short sword of distortion (weapon)
Armour
 b - a +0 robe (worn)
 k - a +1 hat (worn)
 t - a +0 cloak (worn)
Wands
 o - a wand of flame (24)
Scrolls
 e - 2 scrolls of identify {unknown}
 f - 3 scrolls of teleportation
 i - 2 scrolls of enchant weapon
 j - a scroll of butterflies {unknown}
 l - a scroll of amnesia {unknown}
 m - a scroll of immolation {unknown}
 q - a scroll of enchant armour {unknown}
 r - a scroll of fear {unknown}
 s - 2 scrolls of blinking {unknown}
Potions
 d - a potion of curing {unknown}
 g - a potion of ambrosia {unknown}
 h - a potion of cancellation {unknown}
 n - a potion of might {unknown}


   Skills:
 + Level 2.6 Dodging
 + Level 2.0 Stealth
 + Level 3.4 Spellcasting


You couldn't memorise any spells.
You knew the following spells:

 Your Spells              Type           Power      Damage    Failure   Level
a - Magic Dart            Conj           56%        1d5       4%          1
b - Blink                 Tloc           28%        N/A       6%          2
c - Call Imp              Summ           14%        N/A       6%          2
d - Slow                  Hex            56%        N/A       4%          1
e - Conjure Flame         Conj/Fire      14%        6-21      12%         3
f - Mephitic Cloud        Conj/Pois/Air  14%        N/A       12%         3
g - Sandblast             Erth           28%        2d8       4%          1
Your spell library was empty.

Dungeon Overview and Level Annotations

Branches:
Dungeon (3/15)

Altars:
Elyvilon
Gozag
Makhleb
Wu Jian


Innate Abilities, Weirdness & Mutations

You are immune to sickness and miasma.
You are immune to poison.
Your flesh is very heat resistant. (rF++)
You are vulnerable to cold. (rC-)
You float through the air rather than walking.
You learn spells naturally, not from books.
Your magical power is your life essence.
You have superior vitality. (+4 MHP)


Message History

Confirm with . or Enter, or press ? or * to list all spells.
You can't see any susceptible monsters within range! (Use Z to cast anyway.) Unknown command.
You start resting.
You hear the slow rusting of a drain very nearby.
You now have 200 gold pieces (gained 18).
There are no items here.
Found a stone staircase leading up.
A river rat comes into view.
You barely miss the river rat. The river rat barely misses you.
You hit the river rat but do no damage. The river rat bites you!
You closely miss the river rat. The river rat misses you.
You hit the river rat.
Space warps around the river rat!
The river rat is almost dead.
The river rat bites you.
Casting: Magic Dart (safe; 4% risk of failure)
Confirm with . or Enter, or press ? or * to list all spells.
Aiming: Magic Dart (safe; 4% risk of failure)
Press: ? - help, Shift-Dir - straight line, f - river rat
Aim: a river rat (almost dead, 100% to hit)
The magic dart hits the river rat but does no damage.
The river rat is almost dead.
The river rat barely misses you.
Casting: Magic Dart (safe; 4% risk of failure)
Confirm with . or Enter, or press ? or * to list all spells.
Aiming: Magic Dart (safe; 4% risk of failure)
Press: ? - help, Shift-Dir - straight line, f/p - river rat
Aim: a river rat (almost dead, 100% to hit)
The magic dart hits the river rat but does no damage.
The river rat is almost dead.
The river rat bites you.
* * * LOW HITPOINT WARNING * * *
Casting: Magic Dart (safe; 4% risk of failure)
Confirm with . or Enter, or press ? or * to list all spells.
You miscast Blink.
You are very lightly contaminated with residual magic.
Nothing appears to happen.
* * * LOW HITPOINT WARNING * * *
The river rat bites you.
You die...

#.# #.# ### #.##.# #..#
##...# #.#.###.####
#.##.#.##############
#...................<
.)...##########..######
###### ###~~##.#
~~~~~~r@# ###~~#### ##


You could see a river rat.

Vanquished Creatures
  An adder (D:2)
  3 dart slugs
  7 ball pythons
  6 endoplasms
  3 giant cockroaches
  4 goblins
  A hobgoblin (D:1)
  3 quokkas
  3 bats (D:1)
  2 frilled lizards (D:2)
  4 kobolds
  5 rats
42 creatures vanquished.

Notes
Turn   | Place    | Note
-------+----------+-------------------------------------------
     0 | D:1      | casanoah the Djinni Hedge Wizard began the quest for the
                  | Orb.
     0 | D:1      | casanoah set off with the following spells memorised: Magic
                  | Dart, Blink, Call Imp, Slow, Conjure Flame, Mephitic Cloud.
     0 | D:1      | Reached XP level 1. HP: 15/15 MP: 0/0
   311 | D:1      | Reached XP level 2. HP: 18/21 MP: 0/0
   958 | D:1      | Reached skill level 3 in Spellcasting
  1016 | D:1      | Reached XP level 3. HP: 23/25 MP: 0/0
  1016 | D:1      | Learned a level 1 spell: Sandblast
  1180 | D:1      | Found a faded altar of an unknown god.
  1993 | D:2      | Reached XP level 4. HP: 22/31 MP: 0/0
  2235 | D:3      | Found a burning altar of Makhleb.
  2235 | D:3      | Found an opulent altar of Gozag.
  2235 | D:3      | Found an ornate altar of the Wu Jian Council.
  2235 | D:3      | Found a white marble altar of Elyvilon.
  2352 | D:3      | Slain by a river rat

Illustrated notes

Levels and vault maps discovered:
D:1:      lightli_arrival_statuegarden, layout_basic, serial_glass,
          glass_columns_a, glass_columns_a,
          ebering_ecumenical_altar_sacrificial, minmay_pentomino_p4
D:2:      layout_rooms
D:3:      layout_loops_ring, mainiacjoe_overflow_alcove_1,
          chequers_temple_overflow_statue_of_worship, serial_shops,
          nicolae_diamond_shop, gup_sewer_entry_bubbles, grunt_decor_resistance,
          minmay_misc_feat_chi, skrybe_limestone_x

Skill      XL: |  1  2  3  4 |
---------------+-------------+-----
Spellcasting   | 3 |  3.4
Stealth        | 2 |  2.0
Dodging        | |  2.6

Action                   |  1- 3 |  4- 6 || total
-------------------------+-------+-------++-------
Melee: Short sword       |     3 |     4 ||     7
 Cast: Magic Dart        |    90 |    13 ||   103
       Call Imp          |       |     1 ||     1
  Use: Scroll            |       |     2 ||     2
Armor: Robe              |     7 |     1 ||     8
Dodge: Dodged            |    20 |     7 ||    27
